 Dungeon Crawl Stone Soup version 0.17.2 (webtiles) character file.

90 Goblin1989 the Cudgeler (level 4, 0/28 HPs)
             Began as a Gargoyle Fighter on May 31, 2016.
             Was a Follower of Makhleb.
             Slain by an orc
             ... wielding a +0 trident of flaming
              (1 damage)
             ... on level 4 of the Dungeon.
             The game lasted 00:06:34 (677 turns).

Goblin1989 the Cudgeler (Gargoyle Fighter)           Turns: 677, Time: 00:06:35

Health: 0/28       AC: 10    Str: 25    XL:     4   Next: 56%
Magic:  4/4        EV:  7    Int:  9    God:    Makhleb [*.....]
Gold:   114        SH:  9    Dex:  9    Spells: 0 memorised, 3 levels left

rFire  . . .     SeeInvis .     a - +0 flail
rCold  . . .     Clarity  .     b - +0 scale mail
rNeg   + . .     SustAt   .     c - +0 shield
rPois  ∞         Gourm    .     (no helmet)
rElec  +         Spirit   .     (no cloak)
rCorr  .         Warding  .     (no gloves)
rMut   .         Stasis   .     (no boots)
MR     .....                    (no amulet)
Stlth  ..........               (no ring)
                                (no ring)

@: mighty, not resistant to hostile enchantments, extremely unstealthy
A: negative energy resistance 1, electricity resistance, unbreathing,
petrification resistance, rot immunity, AC +3
a: Renounce Religion


You were on level 4 of the Dungeon.
You worshipped Makhleb.
Makhleb was aware of your devotion.
You were not hungry.

You visited 1 branch of the dungeon, and saw 4 of its levels.

You collected 114 gold pieces.

Inventory:

Hand Weapons
 a - a +0 flail (weapon)
Armour
 b - a +0 scale mail (worn)
 c - a +0 shield (worn)
Scrolls
 f - a scroll of enchant armour
 g - 2 scrolls of teleportation {unknown}
 h - 2 scrolls of remove curse {unknown}
Potions
 k - a potion of poison {unknown}
 l - 2 potions of berserk rage {unknown}
 m - a potion of haste {unknown}
 n - a potion of flight {unknown}
Comestibles
 e - a bread ration
 i - a meat ration


   Skills:
 - Level 3.2 Fighting
 * Level 4.6 Maces & Flails
 - Level 3.2 Armour
 - Level 3.2 Shields


You had 3 spell levels left.
You didn't know any spells.

Dungeon Overview and Level Annotations

Branches:
Dungeon (4/15)
 Temple: D:4-7

Altars:
Makhleb
Sif Muna

Annotations:
D:4 Grinder


Innate Abilities, Weirdness & Mutations

You are resistant to torment.
Your stone body is resilient (AC +3).
You are immune to poison.
You resist negative energy.
You are resistant to electric shocks.
You can survive without breathing.
You are immune to petrification.
You are immune to rotting.


Message History

You completely miss the orc. The orc closely misses you.
You block the orc's attack. The orc hits you but does no damage.
You block the orc's attack.
You thump the orc!
You kill the orc!
Makhleb accepts your kill.
You can now gain health from killing.
You block the orc's attack. The orc hits you but does no damage.
Items here: )) [ † a club; a chain mail; a flail; an orc corpse You hit the orc.
You sock the orc!
You kill the orc!
Makhleb accepts your kill. You block the orc's attack.
The orc hits you but does no damage.
The orc hits you from afar with a trident of flaming.
* * * LOW HITPOINT WARNING * * *
The orc burns you.
You die...

. #.# #.
#.# .###.#
# ..#.# ##.
#.#.#
##...##.#)#
......oo..#
##...##o###
## #@# #)#
#.# #.# ..#
####


You could see 3 orcs.

Vanquished Creatures
  A worker ant (D:4)
  Robin (D:3)
  An adder skeleton (D:4)
  2 worms (D:3)
  7 orcs (D:4)
  3 giant cockroaches (D:3)
  9 goblins
  3 hobgoblins (D:3)
  3 jackals (D:2)
  3 kobolds
  2 quokkas
  A bat (D:3)
  A giant newt (D:3)
  3 rats
40 creatures vanquished.

Notes
Turn   | Place    | Note
--------------------------------------------------------------
     0 | D:1      | Goblin1989 the Gargoyle Fighter began the quest for the Orb.
     0 | D:1      | Reached XP level 1. HP: 14/14 MP: 1/1
   176 | D:2      | Reached XP level 2. HP: 13/19 MP: 2/2
   313 | D:3      | Found a deep blue altar of Sif Muna.
   393 | D:4      | Noticed Grinder
   419 | D:4      | Reached XP level 3. HP: 14/23 MP: 3/3
   523 | D:3      | Found a burning altar of Makhleb.
   530 | D:3      | Became a worshipper of Makhleb the Destroyer
   564 | D:3      | Noticed Robin
   595 | D:3      | Killed Robin
   595 | D:3      | Reached skill level 4 in Maces & Flails
   612 | D:3      | Got a jewelled helmet
   618 | D:3      | Identified the cursed +0 helmet of Gakial {rElec rPois rF-} (You took it off Robin on level 3 of the Dungeon)
   652 | D:4      | Reached XP level 4. HP: 17/28 MP: 4/4
   673 | D:4      | Reached * piety under Makhleb
   677 | D:4      | HP: 1/28 [orc/trident of flaming (3)]
   677 | D:4      | Slain by an orc

Action                   |  1- 3 |  4- 6 || total
-------------------------+-------+-------++-------
Melee: Flail             |   144 |    15 ||   159
  Use: Scroll            |     2 |       ||     2
       Potion            |       |     1 ||     1
